[Event "Team 45 45 League T23"]
[Site "Internet Chess Club"]
[Date "2004.06.24"]
[Round "3"]
[White "ChessyStud"]
[Black "WesleyCrusher"]
[Result "0-1"]
[WhiteElo "2093"]
[BlackElo "2123"]
[TimeControl "2700+45"]

1. e4 c5 2. Nf3 d6 3. d4 cxd4 4. Nxd4 Nf6 5. Nc3 a6 6. Bg5 e6 7. f4 Be7 8. Qf3
Qc7 9. O-O-O Nbd7 10. g4 b5 11. Bxf6 Nxf6 12. g5 Nd7 13. f5 Nc5 14. f6 gxf6 15.
gxf6 Bf8 16. Rg1 h5 17. a3 Bd7 18. Kb1 Rb8 19. b4 Nb7 20. Be2 Rc8 21. Kb2 Nd8
22. Rd3 Nc6 23. Nxc6 Bxc6 24. Bd1 a5 25. Na2 d5 26. exd5 Qe5+ 27. Rc3 Bxd5 28.
Qe2 Qd4 29. Qxb5+ Bc6 30. Qa6 Rc7 31. Qxa5 Ra7 32. Qg5 Bh6 33. Qg3 Bf4 34. Qd3
Be5 35. Kb1 Qxg1 36. Rxc6 Bxf6 37. Rd6 O-O 38. Qf3 Bg7 39. Rd2 Rfa8 40. Rg2 Qd4
41. c3 Qe5 42. a4 Rc8 43. a5 Rac7 44. Qxh5 Qe4+ 45. Rc2 Rxc3 46. Nxc3 Rxc3 47.
Qg4 Ra3 48. Kc1 Qe3+ 49. Rd2 Ra1+ 50. Kc2 Qc3# {White checkmated} 0-1

[Event "Team 45 45 League T23"]
[Site "Internet Chess Club"]
[Date "2004.06.25"]
[Round "3"]
[White "StormFront"]
[Black "Ser-Enigma"]
[Result "0-1"]
[WhiteElo "2123"]
[BlackElo "1974"]
[TimeControl "2700+45"]

1. c4 c5 2. Nc3 Nf6 3. g3 d5 4. cxd5 Nxd5 5. Bg2 Nc7 6. Qb3 Nc6 7. Bxc6+ bxc6 8.
Nf3 f6 9. d3 e5 10. Be3 Nd5 11. Qa4 Bd7 12. O-O Rb8 13. Nxd5 cxd5 14. Qxa7 d4
15. Bc1 Bc6 16. Qa6 Qd5 17. Qc4 Qxc4 18. dxc4 e4 19. Nh4 g5 20. Nf5 h5 21. f3 e3
22. b3 Bd7 23. g4 Bxf5 24. gxf5 Bd6 25. Kg2 g4 26. Bb2 Kd7 27. h3 Rbg8 28. hxg4
hxg4 29. Rh1 g3 30. Rab1 Rh2+ 31. Rxh2 gxh2+ 32. Kh1 Rb8 33. Rf1 Bf4 34. Rd1 Kc6
35. Rb1 Rd8 36. a3 d3 37. Bxf6 Rd7 38. Kg2 dxe2 39. Re1 Rd1 40. Bh4 Be5 41. Rh1
Rxh1 42. Kxh1 Bc3 43. f6 Bxf6 44. Be1 Be5 45. b4 Bb2 46. b5+ Kb7 47. Kxh2 Bxa3
48. Kg3 Bb4 49. Kg4 Bxe1 {White resigns} 0-1

[Event "Team 45 45 League T23"]
[Site "Internet Chess Club"]
[Date "2004.06.25"]
[Round "3"]
[White "EasilyAmused"]
[Black "Amauta"]
[Result "1/2-1/2"]
[WhiteElo "1878"]
[BlackElo "1926"]
[TimeControl "2700+45"]

1. e4 c5 2. Nf3 Nc6 3. d4 cxd4 4. Nxd4 e5 5. Nb5 d6 6. c4 a6 7. N5c3 Be6 8. Be3
Qa5 9. Nd2 Rc8 10. Be2 Nf6 11. O-O Be7 12. Na4 Nd4 13. Bxd4 exd4 14. b4 Qg5 15.
Nb6 Rc6 16. Nd5 Bd8 17. f4 Qh6 18. f5 Bd7 19. Rf3 Nxd5 20. exd5 Rb6 21. Bd3 Rxb4
22. Qe1+ Kf8 23. Nb3 a5 24. Nxd4 Bb6 25. Qe4 Qf6 26. Rf4 Qe5 27. Kh1 Bxd4 28.
Qxd4 f6 29. Raf1 Qxd4 30. Rxd4 b5 31. a3 Ra4 32. Bc2 Rxc4 33. Rxc4 bxc4 34. Rb1
Ke7 35. Rb7 Re8 36. Kg1 Kd8 37. Rxd7+ Kxd7 38. Ba4+ Kd8 39. Bxe8 Kxe8 40. Kf2 c3
41. Ke2 c2 42. Kd2 c1=Q+ 43. Kxc1 Kd8 44. Kc2 Kc7 45. Kb3 Kb6 46. Kc4 Ka6 47. g4
h6 {Game drawn by mutual agreement} 1/2-1/2

[Event "Team 45 45 League T23"]
[Site "Internet Chess Club"]
[Date "2004.06.27"]
[Round "3"]
[White "jimspy"]
[Black "camembert"]
[Result "1-0"]
[WhiteElo "1872"]
[BlackElo "1787"]
[TimeControl "2700+45"]

1. e4 e5 2. Nf3 Nc6 3. Bb5 a6 4. Ba4 Nf6 5. d3 d6 6. c3 Be7 7. O-O O-O 8. Re1 b5
9. Bb3 Bg4 10. Nbd2 Na5 11. Bc2 c5 12. Nf1 Re8 13. Ng3 h6 14. h3 Bxf3 15. Qxf3
Nc6 16. Nf5 Bf8 17. Qg3 Kh7 18. Bb3 Qd7 19. Qh4 Ng8 20. g4 g6 21. Nxh6 Nxh6 22.
Bxh6 Bxh6 23. g5 Rh8 24. gxh6 Qe7 25. Qxe7 Nxe7 26. Bxf7 Rhf8 27. Be6 Rf3 28.
Re3 Raf8 29. Rf1 Kxh6 30. Bg4 R3f4 31. Kg2 g5 32. Rf3 Ng6 33. Kg3 a5 34. Bf5 Rf7
35. Rxf4 gxf4+ 36. Kf3 Nh4+ 37. Kg4 Nxf5 38. exf5 Rg7+ 39. Kf3 Rf7 40. Ke4 Kg7
41. Rg1+ Kf8 42. h4 Ke7 43. h5 Kd7 44. h6 Kc6 45. Rg7 Rf8 46. h7 Rh8 47. f6 d5+
48. Kxe5 b4 49. f7 c4 50. dxc4 {Black resigns} 1-0

[Event "Team 45 45 League T23"]
[Site "Internet Chess Club"]
[Date "2004.06.24"]
[Round "3"]
[White "f5"]
[Black "chesskilleruk"]
[Result "0-1"]
[WhiteElo "2195"]
[BlackElo "2218"]
[TimeControl "2700+45"]

1. e4 c6 2. d4 d6 3. Nc3 Qc7 4. h3 Nd7 5. Nf3 e5 6. Be3 Ngf6 7. a4 a5 8. dxe5
dxe5 9. Bc4 h6 10. Qe2 Bc5 11. Rd1 O-O 12. Nh4 b6 13. g4 Nh7 14. Nf5 Bxe3 15.
Qxe3 Nc5 16. h4 Ne6 17. Ne2 b5 18. Bxe6 Bxe6 19. Neg3 f6 20. Nh5 Bxf5 21. gxf5
Qf7 22. Qe2 Qb7 23. Rg1 Rf7 24. Rd3 bxa4 25. Rdg3 Qxb2 26. Qc4 Qb4+ 27. Qxb4
axb4 28. Nxg7 a3 29. Ne6+ Kh8 30. Kd2 Rd7+ 31. Kc1 c5 32. Nxc5 Rd4 33. Rg7 Rc4
34. Nb3 Rxe4 35. Rb7 Rxh4 36. Rgg7 Ng5 37. Kb1 a2+ 38. Kb2 Rh1 {White resigns}
0-1

[Event "Team 45 45 League T23"]
[Site "Internet Chess Club"]
[Date "2004.06.25"]
[Round "3"]
[White "DTK"]
[Black "trevor21"]
[Result "0-1"]
[WhiteElo "1930"]
[BlackElo "2177"]
[TimeControl "2700+45"]

1. e4 e6 2. d4 d5 3. Nc3 Bb4 4. e5 c5 5. a3 Bxc3+ 6. bxc3 Ne7 7. Qg4 Qc7 8. Bd3
cxd4 9. Ne2 dxc3 10. Qxg7 Rg8 11. Qxh7 Nbc6 12. Bf4 Nxe5 13. Bb5+ Bd7 14. Bxd7+
Kxd7 15. Qh5 N7g6 16. Bg3 Rh8 17. Qg5 Qd8 18. Qxd8+ Raxd8 19. O-O Rc8 20. Rfb1
b6 21. a4 Rc5 22. Nd4 Nc4 23. Nb5 a6 24. Nxc3 Nd2 25. Rd1 Nf3+ 26. gxf3 Rxc3 27.
Rd2 f5 28. f4 Nh4 29. Bxh4 Rxh4 30. Rb1 Kc6 31. Re2 Rg4+ 32. Kh1 Rxf4 33. Rxe6+
Kc5 34. Rexb6 Rxc2 35. Rxa6 Rfxf2 36. Ra8 Rxh2+ 37. Kg1 Rcg2+ 38. Kf1 Rh1+ 39.
Kxg2 Rxb1 40. Rf8 Ra1 41. Rxf5 Rxa4 42. Kf2 Re4 43. Rf8 Kc4 44. Rf3 d4 45. Ra3
Re8 46. Ra4+ Kc3 47. Ra3+ Kc2 48. Ra2+ Kb3 49. Ra7 d3 50. Rb7+ Kc2 51. Rc7+ Kd1
52. Rd7 d2 53. Ra7 Re5 54. Rd7 Re8 55. Ra7 Rf8+ 56. Kg2 Rf5 57. Rd7 Kc2 58. Rc7+
Kd3 59. Rd7+ Ke3 60. Rd8 Rf4 61. Kg3 Rd4 62. Re8+ Kd3 {White resigns} 0-1

[Event "Team 45 45 League T23"]
[Site "Internet Chess Club"]
[Date "2004.06.28"]
[Round "3"]
[White "nursey"]
[Black "arkba"]
[Result "0-1"]
[WhiteElo "1783"]
[BlackElo "1708"]
[TimeControl "2700+45"]

1. e4 e5 2. Nf3 Nc6 3. Bb5 a6 4. Ba4 Nf6 5. O-O Be7 6. Re1 b5 7. Bb3 O-O 8. c3
d5 9. exd5 Nxd5 10. Nxe5 Nxe5 11. Rxe5 c6 12. d4 Bd6 13. Bg5 Qc7 14. Re4 Bxh2+
15. Kh1 Bf5 16. Bxd5 cxd5 17. Re7 Qd6 18. Qf3 Be4 19. Qg4 Rae8 20. Rd7 Qb8 21.
Nd2 Bg6 22. Rxd5 Bc7 23. Rd7 Qc8 24. Qh3 f6 25. Be3 f5 26. Rd5 f4 27. Qxc8 Rxc8
28. Rd7 fxe3 29. fxe3 Rf2 30. Rd1 Bc2 31. Kg1 Bg3 32. Nf1 Bxd1 33. Nxg3 Rf7 34.
Rd6 Rf6 35. Rd7 Bg4 36. Ra7 b4 37. Ne4 Rb6 38. cxb4 Rxb4 39. b3 Rb6 40. Nc5 Be2
41. e4 Rd6 42. e5 Rxd4 43. e6 Rdd8 44. Nb7 Rd2 45. a4 Bg4 46. Rxa6 Re8 47. Nc5
Re2 48. Kf1 Re5 49. Ra5 Bxe6 50. b4 Bc4+ 51. Kf2 Rf8+ 52. Kg3 Rg5+ 53. Kh3 h6
54. Ra7 Rb8 55. Ne4 Re5 56. Nd6 Rxb4 57. Nxc4 Rxc4 58. a5 Ra4 59. a6 Rea5 {White
resigns} 0-1

[Event "Team 45 45 League T23"]
[Site "Internet Chess Club"]
[Date "2004.06.27"]
[Round "3"]
[White "kevinfons"]
[Black "watwungyi"]
[Result "0-1"]
[WhiteElo "1467"]
[BlackElo "1417"]
[TimeControl "2700+45"]

1. b3 Nf6 2. Bb2 e6 3. d3 b6 4. Nd2 Bb7 5. Ngf3 d5 6. g3 Nbd7 7. Bg2 Be7 8. O-O
O-O 9. Re1 Rc8 10. Rc1 c5 11. e4 dxe4 12. dxe4 Rc7 13. Ne5 Nxe5 14. Bxe5 Rd7 15.
Bf4 c4 16. Qe2 c3 17. Nc4 b5 18. Ne5 Rd2 19. Qxb5 Ba8 20. Nd3 Ba3 21. Bxd2 cxd2
22. Rcd1 dxe1=Q+ 23. Rxe1 Qb6 {White resigns} 0-1

[Event "Team 45 45 League T23"]
[Site "Internet Chess Club"]
[Date "2004.06.27"]
[Round "3"]
[White "viking99"]
[Black "gartman"]
[Result "0-1"]
[WhiteElo "1758"]
[BlackElo "1787"]
[TimeControl "2700+45"]

1. e4 c5 2. Nf3 d6 3. d4 cxd4 4. Nxd4 Nf6 5. Nc3 a6 6. Be2 e6 7. Be3 b5 8. f3
Bb7 9. Qd2 Be7 10. O-O-O Nbd7 11. g4 Nb6 12. g5 Nfd7 13. h4 b4 14. Nb1 d5 15.
Bd3 O-O 16. Qf2 e5 17. Nf5 d4 18. Nxe7+ Qxe7 19. Bd2 Rac8 20. f4 Nc5 21. Qf3 b3
22. c4 bxa2 23. Na3 a1=Q+ 24. Bb1 Bxe4 {White resigns} 0-1

[Event "Team 45 45 League T23"]
[Site "Internet Chess Club"]
[Date "2004.06.28"]
[Round "3"]
[White "fernbap"]
[Black "forku2"]
[Result "1-0"]
[WhiteElo "1632"]
[BlackElo "1638"]
[TimeControl "2700+45"]

1. Nf3 Nf6 2. g3 g6 3. c4 d6 4. Nc3 Bg7 5. Bg2 O-O 6. O-O e5 7. d3 Na6 8. a3 Re8
9. e4 c6 10. b4 Bg4 11. h3 Bd7 12. Be3 Nc7 13. Nd2 a6 14. a4 Qc8 15. Kh2 Nh5 16.
a5 f5 17. exf5 Nf6 18. Nde4 Nxe4 19. Nxe4 Bf8 20. Nf6+ Kf7 21. Nxe8 Qxe8 22.
fxg6+ hxg6 23. f4 Ke7 24. fxe5 Kd8 25. Bg5+ Kc8 26. Qf3 Ne6 27. Qf7 Kc7 28.
exd6+ Bxd6 29. Qxe8 Rxe8 30. Bd2 Nd4 31. Rae1 Ne2 32. Bf4 Nxf4 33. gxf4 Bxf4+
34. Kh1 Rxe1 35. Rxe1 Bd2 36. Rb1 Bf5 37. Rb3 g5 38. Kg1 Be1 39. Kf1 Bh4 40. Ke2
g4 41. hxg4 Bxg4+ 42. Bf3 Be6 43. Rb1 Be7 44. b5 c5 45. bxa6 bxa6 46. Rb7+ Kd8
47. Rb6 Bc8 48. Bb7 Bxb7 49. Rxb7 Bf6 50. Rb6 Bd4 51. Rxa6 {Black resigns} 1-0

[Event "Team 45 45 League T23"]
[Site "Internet Chess Club"]
[Date "2004.06.26"]
[Round "3"]
[White "Schach-Prinz"]
[Black "Bookkeeper"]
[Result "0-1"]
[WhiteElo "1418"]
[BlackElo "1527"]
[TimeControl "2700+45"]

1. d4 d5 2. Bf4 Nf6 3. Nf3 c5 4. e3 Nc6 5. Bb5 Qb6 6. a4 a6 7. Bxc6+ bxc6 8. b3
Nh5 9. Bg5 e6 10. Nfd2 Nf6 11. a5 Qb5 12. Nc3 Qb4 13. Ne2 cxd4 14. Nxd4 c5 15.
Nc6 Qb5 16. Ne5 Be7 17. c4 dxc4 18. bxc4 Qb7 19. O-O O-O 20. Qc2 Qc7 21. Bf4 Bd6
22. Ndf3 Bb7 23. Qb2 Rab8 24. Qc3 Nh5 25. g3 Nxf4 26. exf4 f6 27. Ng4 h5 28. Nh4
hxg4 29. Ng6 Qc6 30. Nh4 Qh1# {White checkmated} 0-1

[Event "Team 45 45 League T23"]
[Site "Internet Chess Club"]
[Date "2004.06.27"]
[Round "3"]
[White "Eatfatty"]
[Black "Mississippian"]
[Result "0-1"]
[WhiteElo "1441"]
[BlackElo "1500"]
[TimeControl "2700+45"]

1. e4 d6 2. d4 Nf6 3. Nc3 g6 4. Nf3 Bg7 5. Be3 O-O 6. h3 b6 7. Bd3 Na6 8. a3 c5
9. Qe2 Nc7 10. O-O h6 11. Rfe1 a6 12. Rad1 Ne6 13. dxc5 bxc5 14. Qd2 Kh7 15. b3
Bb7 16. Bf4 Qa5 17. Nb1 Qxd2 18. Bxd2 Nd7 19. Bc3 Rfd8 20. Bxg7 Kxg7 21. Nc3 Nf4
22. Bc4 Nf6 23. Kh2 e6 24. g3 d5 25. exd5 N4xd5 26. Nxd5 Nxd5 27. Ne5 f6 28. Nd3
Nc3 29. Ra1 e5 30. Nxc5 Bc8 31. Re3 Nd1 32. Rd3 Rxd3 33. Nxd3 Nc3 34. a4 a5 35.
Re1 Bf5 36. g4 Bxd3 37. Bxd3 Na2 38. f3 Nb4 39. Be4 Rd8 40. Re2 Rd1 41. Kg2 Kf7
42. c4 Ke6 43. Kg3 f5 44. gxf5+ gxf5 45. Bc2 Nxc2 46. Rxc2 Rb1 47. Rc3 Kd6 48.
Rd3+ Kc5 49. Rd5+ Kb4 50. Rxe5 Rxb3 51. c5 Kxa4 52. c6 Rc3 53. Re6 Kb5 54. Re5+
Kb6 55. Rxf5 Rxc6 56. Rf4 Kb5 57. Kg4 Rc4 58. Rxc4 Kxc4 59. f4 a4 60. f5 a3 61.
f6 a2 62. f7 a1=Q 63. f8=Q Qg1+ {White resigns} 0-1

[Event "Team 45 45 League T23"]
[Site "Internet Chess Club"]
[Date "2004.06.28"]
[Round "3"]
[White "Hoyler"]
[Black "gessie7"]
[Result "1-0"]
[WhiteElo "1594"]
[BlackElo "1623"]
[TimeControl "2700+45"]

1. d4 e6 2. c4 Nf6 3. Nf3 d5 4. cxd5 exd5 5. Bg5 Be7 6. e3 O-O 7. Qc2 h6 8. Bf4
c6 9. Nc3 Nh5 10. Be5 Nd7 11. Be2 Nhf6 12. Bg3 Bb4 13. O-O Bxc3 14. bxc3 Ne4 15.
Rab1 Nxg3 16. hxg3 Nf6 17. c4 b6 18. cxd5 cxd5 19. Ne5 Ne4 20. Rfc1 Bf5 21. Bd3
Rc8 22. Qb3 Rxc1+ 23. Rxc1 Nd2 24. Qc3 Ne4 25. Bxe4 Bxe4 26. Qb3 Qd6 27. Rc6 Qd8
28. Qc3 f6 29. Nd3 a5 30. Nf4 Qd7 31. Rc7 Qa4 32. f3 Bf5 33. Qb3 Qxb3 34. axb3
Rd8 35. Rc6 b5 36. Rc5 b4 37. e4 Bh7 38. Nxd5 Kf8 39. Rxa5 Rb8 40. Ra4 Bg8 41.
Rxb4 Rxb4 42. Nxb4 Bxb3 43. Kf2 Ke7 44. Ke3 g5 45. f4 g4 46. Nd3 Kf7 47. f5 Ke7
48. Kf4 h5 49. e5 fxe5+ 50. dxe5 Bd5 51. Nc5 Bf7 52. f6+ Kf8 53. Kf5 Bd5 54. e6
Bxg2 55. Nd7+ {Black resigns} 1-0

[Event "Team 45 45 League T23"]
[Site "Internet Chess Club"]
[Date "2004.06.26"]
[Round "3"]
[White "kevinfons"]
[Black "NESKAYA"]
[Result "0-1"]
[WhiteElo "1487"]
[BlackElo "1616"]
[TimeControl "2700+45"]

1. b3 d5 2. Bb2 c5 3. d3 Nc6 4. Nd2 e5 5. e4 d4 6. Ngf3 b5 7. c3 Nf6 8. g3 Be7
9. Bg2 O-O 10. O-O Bg4 11. h3 Bxf3 12. Nxf3 a5 13. cxd4 cxd4 14. Rc1 Rc8 15. a3
h6 16. Rc2 Qb6 17. Qe2 b4 18. a4 Nd7 19. Nh4 Bxh4 20. gxh4 Nc5 21. Rfc1 Nxb3 22.
Rb1 Nc5 23. Bxd4 exd4 {White resigns} 0-1

[Event "Team 45 45 League T23"]
[Site "Internet Chess Club"]
[Date "2004.06.25"]
[Round "3"]
[White "MarcoDeSade"]
[Black "ogoon"]
[Result "1-0"]
[WhiteElo "1595"]
[BlackElo "1533"]
[TimeControl "2700+45"]

1. e4 e6 2. d4 d5 3. exd5 exd5 4. Nf3 Nf6 5. Be2 Bd6 6. Bg5 O-O 7. O-O Bf5 8.
Nbd2 Nbd7 9. Nh4 Bg6 10. Bg4 c6 11. Bxd7 Qxd7 12. Bxf6 gxf6 13. c3 Kh8 14. Qf3
f5 15. Rae1 Rae8 16. Qd3 Rg8 17. Ndf3 Re4 18. Nxg6+ fxg6 19. Ng5 Rxe1 20. Rxe1
Re8 21. Rxe8+ Qxe8 22. Qe3 Qxe3 23. fxe3 f4 24. Nf7+ Kg7 25. Nxd6 b6 26. Nc8
fxe3 27. Kf1 c5 28. Nxa7 cxd4 29. cxd4 b5 30. Ke2 Kf6 31. Kxe3 Kf5 32. Nxb5 h5
33. a4 g5 34. a5 g4 35. a6 {Black resigns} 1-0

[Event "Team 45 45 League T23"]
[Site "Internet Chess Club"]
[Date "2004.06.25"]
[Round "3"]
[White "JesterFox"]
[Black "bmw2002"]
[Result "0-1"]
[WhiteElo "1493"]
[BlackElo "1539"]
[TimeControl "2700+45"]

1. d4 Nf6 2. c4 e6 3. Nc3 c5 4. d5 exd5 5. cxd5 d6 6. Nf3 Bf5 7. e3 a6 8. Bd3
Bg4 9. h3 Bh5 10. O-O Nbd7 11. Re1 Bxf3 12. Qxf3 Ne5 13. Qd1 Be7 14. e4 O-O 15.
Bf4 Nfd7 16. Bxe5 Nxe5 17. Qc2 Bh4 18. Re2 Qg5 19. Kf1 Qf4 20. Re3 Qh2 21. Ne2
b5 22. Ng3 Bxg3 23. Rxg3 Qh1+ 24. Ke2 Qxa1 25. b3 Nxd3 26. Rxd3 Qe5 27. Rg3 Rae8
{White resigns} 0-1

[Event "Team 45 45 League T23"]
[Site "Internet Chess Club"]
[Date "2004.06.27"]
[Round "3"]
[White "erebus"]
[Black "alaskauk"]
[Result "1/2-1/2"]
[WhiteElo "1985"]
[BlackElo "1605"]
[TimeControl "2700+45"]

1. e4 e5 2. f4 Bc5 3. Nf3 d6 4. c3 Bb6 5. Bc4 Nf6 6. d3 O-O 7. fxe5 dxe5 8. Bg5
Qd6 9. Na3 Bg4 10. Qe2 a6 11. O-O-O Re8 12. Bb3 Nbd7 13. Nc4 Qc6 14. Nxb6 cxb6
15. h3 Bxf3 16. Qxf3 Rac8 17. Rhf1 a5 18. g4 a4 19. Bd5 Nxd5 20. Qxf7+ Kh8 21.
Qxd5 Rf8 22. Be7 Rxf1 23. Rxf1 Qh6+ 24. g5 Qxh3 25. Rf5 Qe3+ 26. Kd1 Qg1+ 27.
Ke2 Qg2+ 28. Rf2 Qg4+ 29. Kf1 {Game drawn by mutual agreement} 1/2-1/2

[Event "Team 45 45 League T23"]
[Site "Internet Chess Club"]
[Date "2004.06.27"]
[Round "3"]
[White "tim87"]
[Black "Zolbalus"]
[Result "0-1"]
[WhiteElo "1641"]
[BlackElo "1811"]
[TimeControl "2700+45"]

1. e4 c5 2. Nc3 Nc6 3. f4 g6 4. Nf3 Bg7 5. d3 d6 6. Be2 Nf6 7. O-O O-O 8. h3 Rb8
9. g4 b5 10. Kh2 b4 11. Nb1 a5 12. g5 Ne8 13. h4 Qd7 14. Ng1 Nd4 15. Nd2 f5 16.
h5 Nxe2 17. Qxe2 fxe4 18. dxe4 Nc7 19. Ndf3 Ba6 20. Qf2 Bxf1 21. Qxf1 gxh5 22.
Nh4 Qg4 23. Nf5 e6 24. Nxg7 Kxg7 25. b3 e5 26. Nh3 Ne6 27. f5 Nd4 28. Bb2 Qxe4
29. Bxd4 exd4 30. f6+ Kh8 31. Re1 Qxc2+ 32. Re2 Qg6 33. Re7 Rbe8 34. Qe1 Rg8 35.
Qe6 h6 36. Qd7 Rxe7 37. Qxe7 Qe8 38. Qxd6 hxg5 39. Qxc5 g4 40. Nf4 g3+ 41. Kh3
Qc8+ 42. Kg2 Qxc5 {White resigns} 0-1

[Event "Team 45 45 League T23"]
[Site "Internet Chess Club"]
[Date "2004.06.25"]
[Round "3"]
[White "jessewang"]
[Black "dawgfish"]
[Result "0-1"]
[WhiteElo "1542"]
[BlackElo "1119"]
[TimeControl "2700+45"]

1. d4 Nf6 2. c4 g6 3. Nc3 Bg7 4. e4 d6 5. f4 Nbd7 6. Nf3 O-O 7. Be2 e5 8. fxe5
dxe5 9. dxe5 Ng4 10. Bg5 Qe8 11. O-O h6 12. Bh4 Ne3 13. Qd4 Nxf1 14. Nd5 c5 15.
Qd1 Nxh2 16. Kxh2 Nxe5 17. Nc7 Qd7 18. Nxa8 Ng4+ 19. Kg1 Bxb2 20. Rb1 Bg7 21.
Qxd7 Bxd7 22. Rxb7 Bc6 23. Rxa7 Bxa8 24. Be7 Re8 25. Bxc5 Bxe4 26. Re7 Rxe7 27.
Bxe7 Bc6 28. c5 Ne3 29. Kf2 Nd5 30. Bd6 Nc3 31. Bc4 Nd1+ 32. Ke2 Nb2 33. Bb3
Bb5+ 34. Kf2 Nd3+ 35. Ke3 Nc1 36. Nd4 Bxd4+ 37. Kxd4 Nxb3+ 38. axb3 Bc6 39. Kc4
f5 40. g3 g5 41. Kb4 h5 42. Ka5 Kf7 43. Kb6 Bd5 44. c6 Bxb3 45. c7 Be6 46. Kb7
h4 47. c8=Q Bxc8+ 48. Kxc8 h3 49. g4 fxg4 50. Bg3 Kf6 51. Kd7 Kf5 52. Kd6 Ke4
53. Ke6 Kf3 54. Bc7 g3 55. Kf5 g4 56. Kg5 h2 {White resigns} 0-1

[Event "Team 45 45 League T23"]
[Site "Internet Chess Club"]
[Date "2004.06.26"]
[Round "3"]
[White "carrotop"]
[Black "DidntSeeIt"]
[Result "1/2-1/2"]
[WhiteElo "1616"]
[BlackElo "1681"]
[TimeControl "2700+45"]

1. e4 c5 2. Nf3 d6 3. d4 cxd4 4. Nxd4 Nf6 5. Nc3 g6 6. Bc4 Bg7 7. f3 Nc6 8. Be3
Bd7 9. Qd2 Ne5 10. Bb3 O-O 11. O-O-O Rc8 12. h4 Nc4 13. Bxc4 Rxc4 14. g4 h5 15.
gxh5 Nxh5 16. Rhg1 Qa5 17. Kb1 Rfc8 18. Rg5 Qd8 19. Qg2 Kh7 20. Rg1 Qh8 21. Rxg6
fxg6 22. Qxg6+ Kg8 23. Ne6 Bxe6 24. Qxe6+ Kf8 25. Nd5 Rxc2 26. Qxe7+ Kg8 27.
Qe6+ Kf8 28. Qe7+ Kg8 29. Qe6+ {Game drawn by mutual agreement} 1/2-1/2

[Event "Team 45 45 League T23"]
[Site "Internet Chess Club"]
[Date "2004.06.28"]
[Round "3"]
[White "bubbarook"]
[Black "DynamoKyiv"]
[Result "0-1"]
[WhiteElo "1314"]
[BlackElo "1358"]
[TimeControl "2700+45"]

1. e4 e5 2. Nf3 Nc6 3. Nc3 Nf6 4. g3 Bc5 5. Bg2 O-O 6. O-O d6 7. h3 a6 8. d3 Be6
9. Be3 b6 10. Ne2 h6 11. a3 Qd7 12. Kh2 Rad8 13. Qd2 Ne7 14. Bxc5 bxc5 15. g4
Ng6 16. Rg1 c6 17. g5 hxg5 18. Nxg5 d5 19. Nxe6 Qxe6 20. Ng3 Nf4 21. f3 g6 22.
Bf1 Kh7 23. Ne2 N6h5 24. Rg4 Rh8 25. Nxf4 Nxf4 26. Rxf4 exf4 27. Qxf4 Kg7 28.
Qg4 Qxg4 29. fxg4 dxe4 30. Rd1 Rhe8 31. Bg2 exd3 32. Rxd3 Rxd3 33. cxd3 Re2 34.
Kg3 Rxb2 35. Bxc6 Rb3 36. a4 Rxd3+ 37. Bf3 c4 38. Kf4 c3 39. Be4 Rd4 40. a5
Rxe4+ 41. Kg5 c2 42. Kh4 c1=Q 43. Kg3 Qc3+ 44. Kh4 Qe1+ 45. Kg5 f6# {White
checkmated} 0-1

[Event "Team 45 45 League T23"]
[Site "Internet Chess Club"]
[Date "2004.06.27"]
[Round "3"]
[White "DeepHmmm"]
[Black "Burning-Bush"]
[Result "1/2-1/2"]
[WhiteElo "2187"]
[BlackElo "2268"]
[TimeControl "2700+45"]

1. d4 c5 2. d5 Nf6 3. c4 e6 4. Nc3 exd5 5. cxd5 g6 6. Nf3 Bg7 7. e4 d6 8. Be2
O-O 9. O-O Re8 10. Nd2 a6 11. a4 b6 12. f4 h5 13. Kh1 Nbd7 14. Bf3 Rb8 15. Nc4
Qc7 16. Bd2 b5 17. axb5 axb5 18. Nxd6 Qxd6 19. e5 Nxe5 20. fxe5 Qxe5 21. Re1 Qc7
22. Rxe8+ Nxe8 23. Qe2 Bd7 24. Bg5 Be5 25. h3 f6 26. Be3 Nd6 27. Ne4 Nxe4 28.
Bxe4 Kg7 29. Qf2 Bg3 30. Qc2 f5 31. Bf3 Bd6 32. Ra6 Re8 33. Bf2 Kh7 34. Qc1 Bf4
35. Qc3 b4 36. Qf6 Rg8 37. d6 Qd8 38. Qf7+ Rg7 39. Qc4 Bc8 40. Qxf4 Bxa6 41.
Bxc5 Bb7 {Game drawn by mutual agreement} 1/2-1/2

[Event "Team 45 45 League T23"]
[Site "Internet Chess Club"]
[Date "2004.06.30"]
[Round "3"]
[White "ChessAddict"]
[Black "achessman"]
[Result "1-0"]
[WhiteElo "2136"]
[BlackElo "2074"]
[TimeControl "2700+45"]

1. d4 d5 2. c4 e6 3. Nc3 Nf6 4. cxd5 exd5 5. Bg5 c6 6. Qc2 Be7 7. e3 O-O 8. Bd3
h6 9. Bh4 Re8 10. Nge2 Nbd7 11. O-O Nf8 12. f3 N6h7 13. Bf2 Nf6 14. Rad1 Bd7 15.
e4 dxe4 16. fxe4 Ng4 17. Kh1 Nxf2+ 18. Rxf2 Bh4 19. g3 Be7 20. Bc4 {Black
resigns} 1-0

[Event "Team 45 45 League T23"]
[Site "Internet Chess Club"]
[Date "2004.06.26"]
[Round "3"]
[White "HadshiHalefOmar"]
[Black "RagingRook"]
[Result "1-0"]
[WhiteElo "1918"]
[BlackElo "1787"]
[TimeControl "2700+45"]

1. d4 d5 2. Nf3 Nf6 3. e3 e6 4. Bd3 c5 5. c3 Nc6 6. Nbd2 Be7 7. O-O O-O 8. Qe2
c4 9. Bc2 b5 10. e4 dxe4 11. Nxe4 Bb7 12. Nfg5 h6 13. Nxf6+ Bxf6 14. Qe4 Re8 15.
Qh7+ Kf8 16. Nxf7 Kxf7 17. Bg6+ Ke7 18. Bxe8 Qxe8 19. Bf4 Na5 20. Rfe1 Qh5 21.
Re3 Rf8 22. Rae1 Bd5 23. Qc2 Bxd4 24. cxd4 Rxf4 25. Re5 Qg4 26. Rxd5 a6 27. Qd2
Nc6 28. h3 Qh4 29. g3 Qxh3 30. Qxf4 {Black resigns} 1-0

[Event "Team 45 45 League T23"]
[Site "Internet Chess Club"]
[Date "2004.06.29"]
[Round "3"]
[White "locchessmonster"]
[Black "tourettes"]
[Result "1-0"]
[WhiteElo "1865"]
[BlackElo "1771"]
[TimeControl "2700+45"]

1. d4 Nf6 2. Bg5 e6 3. e4 Be7 4. Bd3 d5 5. e5 Nfd7 6. Bxe7 Qxe7 7. c3 Qg5 8. Nf3
Qh6 9. Nbd2 c5 10. b4 cxd4 11. cxd4 Nc6 12. a3 Nb6 13. O-O O-O 14. Rc1 Ne7 15.
Rc7 Ng6 16. g3 Rb8 17. Nb3 Na8 18. Rc3 b6 19. Qc2 Bd7 20. Rc1 Ne7 21. Qe2 g6 22.
Bb5 Bc8 23. Bc6 Nxc6 24. Rxc6 Bb7 25. R6c3 Rfd8 26. a4 Qf8 27. b5 Rdc8 28. h4
Rxc3 29. Rxc3 Rc8 30. Rxc8 Qxc8 31. Qe3 Kg7 32. Qg5 h6 33. Qf6+ Kg8 34. h5 gxh5
35. Qxh6 Qc2 36. Ng5 Qg6 37. Qxg6+ fxg6 38. Nxe6 Bc8 39. Nf4 Kg7 40. Nd3 Nc7 41.
f4 Bf5 42. Nb4 Bg4 43. Nc5 Bd1 44. Kf2 bxc5 45. dxc5 Bxa4 46. b6 axb6 47. cxb6
Na6 48. Nxa6 Bc6 49. Nc5 Kf7 50. b7 Bxb7 51. Nxb7 Ke7 52. Ke3 Kd7 53. Kd4 Kc6
54. e6 {Black resigns} 1-0

[Event "Team 45 45 League T23"]
[Site "Internet Chess Club"]
[Date "2004.06.26"]
[Round "3"]
[White "Zillmer"]
[Black "quangliem"]
[Result "1-0"]
[WhiteElo "2177"]
[BlackElo "2282"]
[TimeControl "2700+45"]

1. e4 c5 2. Nc3 Nc6 3. f4 d6 4. Nf3 g6 5. Bc4 Bg7 6. f5 Nf6 7. d3 a6 8. a4 gxf5
9. O-O O-O 10. Qe1 Kh8 11. Ng5 Ne5 12. Qh4 Kg8 13. exf5 h6 14. Nge4 Nxe4 15.
Nxe4 d5 16. Bxh6 Bxf5 17. Bxg7 Kxg7 18. Qg5+ Ng6 19. Rxf5 dxe4 20. Raf1 Qd4+ 21.
Kh1 e6 22. Rxc5 Rh8 23. Bxe6 Rxh2+ 24. Kxh2 Qd6+ 25. g3 Qxe6 26. Qf5 Rh8+ 27.
Kg2 Qe7 28. dxe4 Rh4 29. Qxf7+ Qxf7 30. Rxf7+ Kxf7 31. gxh4 Nxh4+ 32. Kg3 Ng6
33. Rc7+ Ke6 34. Rxb7 Ke5 35. Kf3 Nh4+ 36. Ke3 Ng2+ 37. Kf2 Nf4 38. Kf3 Ne6 39.
Re7 Kd6 40. Rxe6+ Kxe6 41. Kf4 a5 42. c3 {Black resigns} 1-0

[Event "Team 45 45 League T23"]
[Site "Internet Chess Club"]
[Date "2004.06.29"]
[Round "3"]
[White "BRAINDEADcz"]
[Black "Sergio56"]
[Result "0-1"]
[WhiteElo "1915"]
[BlackElo "1916"]
[TimeControl "2700+45"]

1. e4 c5 2. Nf3 e6 3. Bc4 Nc6 4. O-O g6 5. Nc3 Bg7 6. d3 a6 7. Bg5 Nge7 8. a3
O-O 9. Rb1 Qc7 10. Qd2 b5 11. Ba2 Bb7 12. Bh6 Nd4 13. Nxd4 cxd4 14. Bxg7 Kxg7
15. Ne2 e5 16. c4 bxc4 17. Bxc4 Bxe4 18. Bxf7 Bxg2 19. Rfc1 Qb7 20. Bxg6 hxg6
21. Qg5 Qf3 22. Qxe7+ Kg8 23. Qh4 Qxe2 24. Kxg2 Rf4 25. Qh3 Qxf2+ 26. Kh1 Qf3+
27. Qxf3 Rxf3 28. Rg1 Rxd3 29. Rxg6+ Kf7 30. Rbg1 Rf3 31. Rg7+ Ke6 32. R1g6+ Kf5
33. Rg5+ Kf4 34. Rg4+ Ke3 35. Rxd7 d3 36. Re7 Rf5 37. Rg3+ Kd2 38. Rg2+ Kc1 39.
Rc7+ Kd1 40. Rg1+ Ke2 41. Rg2+ Rf2 42. Re7 Rxg2 43. Kxg2 Rg8+ 44. Kh3 Kf3 45.
Rf7+ Ke3 46. Re7 e4 47. b4 d2 48. Rd7 Kf3 49. Rf7+ Ke2 50. Rd7 d1=Q {White
resigns} 0-1